AoeStats
← Gorlami

Arena

504874416Analyzed
4v4 RM · 24d ago on Sep 6, 2026· 38m 49s· 8 players
Game mode
Random Map
Map size
Large (8 player)
Population
200
Speed
Normal
Resources
Standard
Victory
Conquest
Starting age
Dark Age
Ending age
Imperial Age
RankedLock teamsTeams togetherTeam positionsShared explorationLock speedFull tech treeHidden civsTurbo modeCheats
Victory
Defeat
🇦🇷 Persians · Argentina
1767
+10
🇦🇷 Burgundians · Argentina
1683
+13
🇦🇷 Franks · Argentina
1676
+14
🇦🇷 Maya · Argentina
1673
+14
🇲🇽 Inca · Mexico
1718
-16
🇨🇴 Mapuche · Colombia
1691
-15
🇲🇽 Byzantines · Mexico
1572
-11
🇺🇸 Portuguese · United States
1528
-9
MZTK | Foxy
10:58 Feudal Age
11:49 Town Watch
12:18 Horse Collar
14:49 Castle Age
12:51 Double-Bit Axe
15:45 Bow Saw
16:45 Heavy Plow
21:50 Wheelbarrow
22:37 Hand Cart
22:50 Gold Mining
24:32 Gold Shaft Mining
28:41 Imperial Age
26:12 Stone Mining
26:25 Scale Mail Armor
26:35 Forging
26:26 Loom
26:43 Town Patrol
27:35 Chain Mail Armor
27:54 Squires
27:15 Pikeman
28:32 Iron Casting
28:51 Stone Shaft Mining
30:37 Blast Furnace
29:11 Halberdier
30:23 Plate Mail Armor
31:30 Padded Archer Armor
32:35 Chemistry
32:34 Conscription
32:37 Fabric Shields
32:41 Andean Sling
33:10 Andean Sling
33:34 Leather Archer Armor
33:10 Fletching
34:13 Thumb Ring
34:39 Ring Archer Armor
33:44 Elite Kamayuk
34:25 Bodkin Arrow
35:08 Ballistics
35:06 Guilds
36:27 Bracer
36:12 Treadmill Crane
36:42 Masonry
37:04 Crop Rotation
37:27 Hoardings
37:05 Fortified Wall
LAT_Power_
9:06 Feudal Age
11:25 Loom
15:00 Castle Age
13:21 Double-Bit Axe
16:29 Bow Saw
16:56 Wheelbarrow
19:50 Town Watch
23:19 Hand Cart
29:09 Imperial Age
27:21 Gold Mining
27:40 Fletching
28:19 Fortified Wall
28:43 Bodkin Arrow
28:42 Crossbowman
29:48 Ballistics
29:49 Padded Archer Armor
30:56 Chemistry
31:14 Two-Man Saw
30:59 Bracer
31:13 Arbalester
32:44 Masonry
35:14 Leather Archer Armor
MZTK | KaLiuM
10:47 Feudal Age
9:11 Loom
15:09 Castle Age
13:39 Double-Bit Axe
13:39 Horse Collar
20:06 Town Watch
22:52 Wheelbarrow
25:44 Bow Saw
26:19 Heavy Plow
27:46 Gold Mining
31:51 Imperial Age
30:07 Gold Shaft Mining
30:09 Hand Cart
30:47 Elite Skirmisher
31:52 Masonry
31:46 Fletching
32:23 Bodkin Arrow
34:26 Padded Archer Armor
34:49 Ballistics
35:29 Chemistry
MztK | SpAwN
10:41 Feudal Age
11:23 Horse Collar
15:39 Castle Age
14:02 Double-Bit Axe
16:36 Bow Saw
18:23 Wheelbarrow
21:35 Loom
22:12 Hand Cart
24:26 Gold Mining
29:03 Imperial Age
26:42 Stone Mining
27:28 Gold Shaft Mining
26:55 Heavy Plow
27:21 Scale Barding Armor
27:39 Forging
29:03 Stone Shaft Mining
28:55 Chain Barding Armor
29:14 Elite Cataphract
30:31 Plate Barding Armor
30:52 Conscription
31:34 Iron Casting
31:10 Greek Fire
31:29 Logistica
33:14 Pikeman
35:08 Coinage
36:48 Halberdier
RománMás3
10:51 Feudal Age
12:06 Double-Bit Axe
14:32 Castle Age
15:43 Bow Saw
16:17 Gold Mining
17:03 Loom
17:53 Wheelbarrow
18:50 Loom
25:56 Imperial Age
24:22 Sanctity
24:28 Padded Archer Armor
25:09 Fervor
27:39 Chemistry
26:56 Leather Archer Armor
27:22 Hand Cart
27:57 Stone Mining
28:43 Gold Shaft Mining
34:56 Siege Engineers
Gorlami
11:12 Feudal Age
11:48 Double-Bit Axe
14:38 Castle Age
12:29 Horse Collar
15:30 Bow Saw
20:43 Wheelbarrow
22:44 Hand Cart
24:03 Gold Mining
24:38 Heavy Plow
24:59 Loom
27:52 Imperial Age
26:26 Gold Shaft Mining
25:41 Stone Mining
26:25 Scale Barding Armor
26:31 Forging
27:26 Bloodlines
27:16 Husbandry
27:50 Chain Barding Armor
28:57 Iron Casting
27:52 Cavalier
29:59 Plate Barding Armor
29:17 Savar
30:14 Town Watch
31:34 Two-Man Saw
33:14 Blast Furnace
34:46 Conscription
34:28 Elite War Elephant
35:53 Hoardings
36:44 Fletching
36:55 Padded Archer Armor
37:10 Citadels
38:01 Chemistry
37:22 Ballistics
39:01 Masonry
MUERE CACA
0:27 Loom
10:23 Feudal Age
14:13 Castle Age
12:26 Double-Bit Axe
15:06 Bow Saw
16:49 Horse Collar
22:26 Wheelbarrow
22:19 Gold Mining
25:44 Imperial Age
24:13 Fletching
25:11 Bodkin Arrow
27:07 Ballistics
27:02 Bracer
28:45 Padded Archer Armor
30:02 Chemistry
30:20 Leather Archer Armor
31:02 Hand Cart
31:56 Stone Mining
32:47 Conscription
36:09 Elite Plumed Archer
37:42 Ring Archer Armor
38:03 Thumb Ring
39:13 Heavy Plow
Lic. VELEZ Y VINO
3:34 Double-Bit Axe
10:47 Feudal Age
9:15 Horse Collar
14:45 Castle Age
13:10 Bow Saw
15:03 Heavy Plow
17:19 Wheelbarrow
19:50 Hand Cart
20:15 Gold Mining
23:39 Gold Shaft Mining
22:54 Stone Mining
24:39 Crop Rotation
25:10 Two-Man Saw
28:45 Imperial Age
26:50 Scale Barding Armor
26:55 Forging
26:06 Cavalier
26:47 Husbandry
27:38 Stone Shaft Mining
27:07 Loom
28:40 Chain Barding Armor
29:00 Paladin
30:38 Plate Barding Armor
31:18 Chemistry
31:04 Iron Casting
33:13 Conscription
35:32 Coinage
37:14 Burgundian Vineyards
Connection lost

Rejoining the realm…

Still unreachable

The connection could not be restored.

Session expired

The server has moved on; the page needs a fresh start.